 Dungeon Crawl Stone Soup version 0.31-a0-185-g9dded2c639 (webtiles) character file.

Game seed: 711438518801368503

76 qw the Shooter (level 4, -1/25 HPs)
             Began as a Deep Elf Hunter on June 22, 2023.
             Slain by Terence
             ... wielding a +2 morningstar of protection
              (11 damage)
             ... on level 2 of the Dungeon.
             The game lasted 00:00:32 (1155 turns).

qw the Shooter (Deep Elf Hunter)                    Turns: 1155, Time: 00:00:33

Health: -1/25      AC:  5    Str: 10    XL:     4   Next: 12%
Magic:  6/6        EV: 11    Int: 14    God:
Gold:   121        SH:  0    Dex: 18    Spells: 3/3 levels left

rFire   + . .        Y - +0 shortbow
rCold   . . .        (shield currently unavailable)
rNeg    . . .        e - +0 ring mail
rPois   .            (no helmet)
rElec   .            (no cloak)
rCorr   .            (no gloves)
SInv    .            (no boots)
Will    .....        (no amulet)
Stlth   +            g - ring of protection from fire
HPRegen 0.24/turn    (no ring)
MPRegen 0.10/turn

%: no passive effects
@: no status effects
A: no striking features
a: no special abilities


You were on level 2 of the Dungeon.
You visited 1 branch of the dungeon, and saw 2 of its levels.

You collected 121 gold pieces.


   Skills:
 - Level 1.5 Fighting
 + Level 7.5 Ranged Weapons
 - Level 2.4 Dodging
 - Level 1.2 Stealth


You had 3 spell levels left.
You didn't know any spells.
Your spell library was empty.

Inventory:

Hand Weapons
 Y - a +0 shortbow (weapon)
Armour
 e - a +0 ring mail (worn)
Jewellery
 g - a ring of protection from fire (left hand)
Scrolls
 a - a scroll of identify
 d - a scroll of blinking {unknown}
Potions
 b - a potion of mutation {unknown}
 c - 2 potions of curing {unknown}

Dungeon Overview and Level Annotations

Branches:
Dungeon (2/15)

Altars:

Shops:
D:1 [

Annotations:
D:2 Terence


Message History

Terence closely misses you.
You shoot an arrow.
The arrow hits Terence but does no damage.
Terence is heavily wounded.
Terence barely misses you.
You shoot an arrow. The arrow closely misses Terence.
Terence hits you with a +2 morningstar of protection.
Terence misses you.
You shoot an arrow.
The arrow hits Terence but does no damage.
Terence is heavily wounded.
Terence barely misses you.
You shoot an arrow.
The arrow hits Terence but does no damage.
Terence is heavily wounded.
Terence closely misses you.
You shoot an arrow.
The arrow hits Terence but does no damage.
Terence is heavily wounded.
Terence barely misses you.
You shoot an arrow. The arrow barely misses Terence.
Terence hits you with a +2 morningstar of protection.
You shoot an arrow. The arrow closely misses Terence.
Terence misses you. Terence hits you but does no damage.
You shoot an arrow. The arrow closely misses Terence.
Terence misses you.
You shoot an arrow.
The arrow hits Terence but does no damage.
Terence is heavily wounded.
Terence hits you with a +2 morningstar of protection!
You shoot an arrow.
The arrow hits Terence but does no damage.
Terence is heavily wounded.
Terence closely misses you.
You shoot an arrow. The arrow hits Terence.
Terence is severely wounded.
Terence closely misses you.
You shoot an arrow. The arrow closely misses Terence.
Terence hits you with a +2 morningstar of protection!
You die...

##### ####### #@@.##
#...... #.###.##
#.##### #) ##.##
####.#### .. #..#
#.......# ##
##..###.##.##.## #
###....##.##.##...
#.#...#..........>...
##.##.##...##.##.##.#.
##.......#.###.##.##.#.


You could see Terence.

Vanquished Creatures
  3 adders (D:2)
  A worm (D:2)
  A dart slug (D:2)
  5 bats
  2 endoplasms (D:1)
  2 giant cockroaches (D:1)
  2 goblins
  7 hobgoblins
  3 jackals (D:1)
  2 quokkas (D:1)
  A ball python (D:1)
  4 frilled lizards
  6 kobolds
  4 rats
43 creatures vanquished.

Notes
Turn   | Place    | Note
-------+----------+-------------------------------------------
     0 | D:1      | qw the Deep Elf Hunter began the quest for the Orb.
     0 | D:1      | Reached XP level 1. HP: 12/12 MP: 3/3
     0 | D:1      | 0 ||| qw: Version: 0.3-a-9-g12657ce
     0 | D:1      | 0 ||| qw: Game counter: 1892
     0 | D:1      | 0 ||| qw: Always use a shield: true
     0 | D:1      | 0 ||| qw: God list: Okawaru
     0 | D:1      | 0 ||| qw: Allow faded altars: false
     0 | D:1      | 0 ||| qw: Do Orc after D:15 true
     0 | D:1      | 0 ||| qw: Do second Lair branch before Depths: true
     0 | D:1      | 0 ||| qw: Lair rune preference: random
     0 | D:1      | 0 ||| qw: Plans: Normal
     0 | D:1      | 0 ||| PLANNING D:1-11
   193 | D:1      | Reached XP level 2. HP: 16/16 MP: 4/4
   208 | D:1      | Found Ykhemnew's Armour Boutique.
   213 | D:1      | Reached skill level 6 in Ranged Weapons
   218 | D:1      | 218 ||| SHOPLISTING +3 leather armour of cold resistance
                  | (288 gold, have 58).
   363 | D:1      | 363 ||| FLEEEEING.
   364 | D:1      | 364 ||| FLEEEEING.
   436 | D:1      | Reached XP level 3. HP: 20/20 MP: 5/5
   628 | D:1      | 628 ||| UPGRADING to +0 ring mail.
   638 | D:1      | 638 ||| DROPPING +0 leather armour.
   639 | D:1      | 639 ||| UPGRADING to ring of protection from fire.
   640 | D:1      | 640 ||| READING 2 scrolls labelled XUMAMAOPOA.
   641 | D:1      | 641 ||| READING scroll labelled VERUMNECUD.
   646 | D:1      | 646 ||| DROPPING scroll of butterflies.
   812 | D:2      | Found a faded altar of an unknown god.
   837 | D:2      | Reached skill level 7 in Ranged Weapons
  1048 | D:2      | Reached XP level 4. HP: 25/25 MP: 6/6
  1138 | D:2      | Noticed Terence
  1155 | D:2      | Slain by Terence

Levels and vault maps discovered:
D:1:      dpeg_arrival_round_b, layout_basic, serial_shops, shop,
          dk_noncrumbling_2, hex_intersection, chequers_serial_rivers_large_b
D:2:      layout_loops_ring, shapermc_ecumenical_altar_notcrosses,
          minmay_misc_feat_secret_circle, minmay_misc_feat_plants, uniq_terence

Skill      XL: |  1  2  3 |
---------------+----------+-----
Ranged Weapons | 6 7 |  7.5
Fighting       | |  1.5
Dodging        | |  2.4
Stealth        | |  1.2

Action                     |  1- 3 |  4- 6 || total
---------------------------+-------+-------++-------
   Fire: Shortbow          |   108 |    27 ||   135
    Use: Scroll            |     2 |       ||     2
 Armour: Leather armour    |     9 |       ||     9
         Ring mail         |     1 |     1 ||     2
  Dodge: Dodged            |    18 |    11 ||    29

Table legend:
 A = Non-vault XP
 B = Vault XP
 C = Vault XP percentage of total XP
 D = Non-vault monster count
 E = Vault monster count
 F = Vault count percentage of total count
                 A         B        C        D         E       F
            +---------+---------+-------+---------+---------+-------
      Total |     109 |       0 |   0.0 |      43 |       0 |   0.0
            +---------+---------+-------+---------+---------+-------
        D:1 |      44 |       0 |   0.0 |      27 |       0 |   0.0
        D:2 |      65 |       0 |   0.0 |      16 |       0 |   0.0
            +---------+---------+-------+---------+---------+-------
